 Dungeon Crawl Stone Soup version 0.28.0-53-g5a82cb258f (webtiles) character file.

Game seed: 5216352318319896112

356 sanboga the Covered (level 6, -24/39 HPs)
             Began as a Gargoyle Fighter on July 2, 2022.
             Annihilated by an ogre
             ... wielding a +0 giant spiked club
              (26 damage)
             ... on level 4 of the Dungeon.
             The game lasted 00:02:26 (3555 turns).

sanboga the Covered (Gargoyle Fighter)              Turns: 3555, Time: 00:02:26

Health: -24/39     AC: 11    Str: 22    XL:     6   Next: 63%
Magic:  6/6        EV:  9    Int:  8    God:
Gold:   102        SH:  4    Dex:  9    Spells: 5/5 levels left

rFire   . . .      SeeInvis .   a - +3 war axe
rCold   . . .      Faith    .   c - +0 buckler
rNeg    + . .      Spirit   .   b - +0 scale mail
rPois   ∞          Reflect  .   (no helmet)
rElec   +          Harm     .   (no cloak)
rCorr   .          Rampage  .   (no gloves)
Will    .....                   (no boots)
Stlth   ..........              (no amulet)
HPRegen 0.13/turn               (no ring)
MPRegen 0.10/turn               (no ring)

@: no status effects
A: sickness immunity, AC +4, negative energy resistance 1, electricity
resistance, torment resistance 1, petrification resistance
a: no special abilities


You were on level 4 of the Dungeon.
You visited 1 branch of the dungeon, and saw 4 of its levels.

You collected 102 gold pieces.

Inventory:

Hand Weapons
 a - a +3 war axe (weapon)
Armour
 b - a +0 scale mail (worn)
 c - a +0 buckler (worn)
Scrolls
 d - a scroll of summoning {unknown}
 f - 3 scrolls of identify {unknown}
Potions
 e - a potion of curing {unknown}
 g - a potion of invisibility {unknown}


   Skills:
 + Level 4.5 Fighting
 * Level 4.1 Axes
 + Level 4.5 Armour
 + Level 4.5 Shields


You had 5 spell levels left.
You didn't know any spells.
Your spell library was empty.

Dungeon Overview and Level Annotations

Branches:
Dungeon (4/15)
 Temple: D:4-7

Altars:
Makhleb


Innate Abilities, Weirdness & Mutations

You are immune to sickness and miasma.
Your stone body is resilient. (AC +4)
You are immune to poison.
You resist negative energy. (rN+)
You are resistant to electric shocks. (rElec)
You are resistant to unholy torment.
You are immune to petrification.


Message History

The water moccasin skeleton bites you but does no damage.
You block the water moccasin skeleton's attack.
You barely miss the water moccasin skeleton.
The water moccasin skeleton is moderately damaged.
You block the water moccasin skeleton's attack.
You slice the water moccasin skeleton!!
The water moccasin skeleton is severely damaged.
The water moccasin skeleton closely misses you.
You block the water moccasin skeleton's attack.
You closely miss the water moccasin skeleton.
The water moccasin skeleton is severely damaged.
The water moccasin skeleton bites you but does no damage.
The water moccasin skeleton barely misses you.
You slash the water moccasin skeleton!
The water moccasin skeleton is almost destroyed.
The water moccasin skeleton bites you but does no damage.
You slash the water moccasin skeleton!
You destroy the water moccasin skeleton!
No target in view!
No target in view!
No target in view!
An ogre comes into view. It is wielding a +0 giant spiked club.
The ogre shouts!
The ogre barely misses you.
You slash the ogre!
The ogre is moderately wounded.
You block the ogre's attack.
You slash the ogre!
The ogre is heavily wounded.
The ogre hits you with a +0 giant spiked club!
You barely miss the ogre.
The ogre is heavily wounded.
The ogre hits you with a +0 giant spiked club!!
Ouch! That really hurt!
* * * LOW HITPOINT WARNING * * *
You hit the ogre.
The ogre is severely wounded.
The ogre hits you with a +0 giant spiked club!!
Ouch! That really hurt!
You die...

### #.$
#######.# #.###
#..@O...# #...
# #.#######
#..# #. #.#
#..# #. #.#
#..###. #.#
#########......
#.#
#..(.........#.
#.#
#.########.#.#.
#.####.###
#.#...
#.##.....#
#.....


You could see an ogre.

Vanquished Creatures
  An ogre (D:3)
  A bullfrog (D:3)
  A water moccasin skeleton (D:4)
  3 gnolls
  A howler monkey skeleton (D:4)
  7 adders
  3 dart slugs (D:1)
  An orc (D:2)
  2 endoplasms (D:3)
  4 giant cockroaches
  6 goblins
  6 hobgoblins
  5 quokkas
  2 ball pythons (D:2)
  6 bats
  A frilled lizard (D:2)
  2 kobolds
  3 rats
55 creatures vanquished.

Notes
Turn   | Place    | Note
-------+----------+-------------------------------------------
     0 | D:1      | sanboga the Gargoyle Fighter began the quest for the Orb.
     0 | D:1      | Reached XP level 1. HP: 14/14 MP: 1/1
    76 | D:1      | Found a faded altar of an unknown god.
   423 | D:1      | Reached XP level 2. HP: 18/19 MP: 2/2
  1064 | D:2      | Reached XP level 3. HP: 22/23 MP: 3/3
  1170 | D:2      | Reached XP level 4. HP: 19/29 MP: 4/4
  2230 | D:3      | Noticed an ogre
  2236 | D:3      | Killed an ogre
  2237 | D:3      | Reached XP level 5. HP: 11/33 MP: 5/5
  2575 | D:3      | Found a burning altar of Makhleb.
  2999 | D:3      | Reached XP level 6. HP: 11/39 MP: 6/6
  3554 | D:4      | HP: 1/39 [ogre/+0 giant spiked club (21)]
  3555 | D:4      | Annihilated by an ogre

Illustrated notes

Levels and vault maps discovered:
D:1:      lemuel_arrival_muddy, layout_basic,
          dreamdust_ecumenical_altar_angels_and_demons
D:2:      layout_basic, serial_park_tiny_2
D:3:      layout_basic, mainiacjoe_overflow_paths
D:4:      layout_loops_ring, nicolae_overflow_hidden_temple,
          minmay_temple_entry_trees, minmay_fountain_box, minmay_cupped

Skill      XL: |  1  2  3  4  5  6 |
---------------+-------------------+-----
Axes           | 2 3 4 |  4.1
Fighting       | 4 |  4.5
Armour         | 4 |  4.5
Shields        | 4 |  4.5

Action                   |  1- 3 |  4- 6 || total
-------------------------+-------+-------++-------
Melee: War axe           |    73 |    92 ||   165
  Use: Potion            |       |     1 ||     1
Armor: Scale mail        |    54 |    42 ||    96
Dodge: Dodged            |    43 |    53 ||    96
Block: Buckler           |    14 |    27 ||    41
